 Dungeon Crawl Stone Soup version 0.24-a0-309-g1095bcad4c (webtiles) character file.

Game seed: 11202865662810784962

160 MachJacob the Gusty (level 5, -5/35 HPs)
             Began as a Barachi Air Elementalist on May 14, 2019.
             Slain by an ogre
             ... wielding a +0 giant club
              (8 damage)
             ... on level 4 of the Dungeon.
             The game lasted 00:13:37 (4353 turns).

MachJacob the Gusty (Barachi Air Elementalist)      Turns: 4353, Time: 00:13:38

Health: -5/35      AC:  8    Str: 10    XL:     5   Next: 41%
Magic:  0/9        EV: 13    Int: 16    God:
Gold:   44         SH:  0    Dex: 12    Spells: 4/10 levels left

rFire    . . .     SeeInvis .   t - +2 dagger (venom)
rCold    . . .     Gourm    .   (no shield)
rNeg     . . .     Faith    .   a - +0 robe
rPois    .         Spirit   .   q - +0 helmet
rElec    .         Reflect  .   g - +0 cloak
rCorr    .         Harm     .   r - +0 pair of gloves
MR       .....                  n - +2 pair of boots
Stlth    ++........             (no amulet)
HPRegen  0.11/turn              (no ring)
MPRegen  0.11/turn              (no ring)

@: sluggish, can't hop, very slow
A: +LOS, swims, slowness 1, strong legs 1
a: Hop


You were on level 4 of the Dungeon.
You were very hungry.

You visited 1 branch of the dungeon, and saw 4 of its levels.

You collected 44 gold pieces.

Inventory:

Hand Weapons
 m - a +0 dagger
 t - a +2 dagger of venom (weapon)
Missiles
 b - 73 stones (quivered)
Armour
 a - a +0 robe (worn)
 g - a +0 cloak (worn)
 n - a +2 pair of boots (worn)
 q - a +0 helmet (worn)
 r - a +0 pair of gloves (worn)
Wands
 u - a wand of random effects (19)
 w - a wand of iceblast (5)
Scrolls
 d - 2 scrolls of blinking
 e - a scroll of immolation
 f - 3 scrolls of identify
 i - a scroll of noise
 k - 2 scrolls of remove curse
 x - 2 scrolls of fear
Potions
 h - a potion of ambrosia {unknown}
 j - 3 potions of flight
 l - a potion of degeneration {unknown}
 o - a potion of lignification {unknown}
 p - a potion of heal wounds {unknown}
 s - a potion of resistance {unknown}
 z - a potion of curing {unknown}
Comestibles
 c - 2 rations


   Skills:
 + Level 3.1 Dodging
 - Level 1.7 Stealth
 + Level 3.0 Spellcasting
 * Level 3.2 Conjurations
 * Level 4.5 Air Magic


You had 4 spell levels left.
You knew the following spells:

 Your Spells              Type           Power        Failure   Level  Hunger
a - Shock                 Conj/Air       ##..         3%          1    #......
b - Swiftness             Chrm/Air       #.......     11%         2    ##.....
c - Static Discharge      Conj/Air       ##......     11%         3    ###....

Your spell library contained the following spells:

 Spells                   Type           Power        Failure   Level  Hunger
 Airstrike                Air            ###.......   28%         4    #####..
 Lightning Bolt           Conj/Air       ##........   71%         5    ######.


Dungeon Overview and Level Annotations

Branches:
Dungeon (4/15)
 Temple: D:4-7

Altars:
Dithmenos
Xom

Annotations:
D:4 Natasha


Innate Abilities, Weirdness & Mutations

Shadows flee at your approach. (+LOS)
You can swim through water.
You cover ground slowly.
You can hop short distances.


Message History

You are struck by an arc of lightning.
The lightning grounds out.
The ogre hits you with a +0 giant club!!
Ouch! That really hurt!
You start to feel a little faster.
Casting: Static Discharge (safe; 11% risk of failure)
Confirm with . or Enter, or press ? or * to list all spells.
The ogre is struck by an arc of lightning.
The ogre is moderately wounded.
You are struck by an arc of lightning.
The lightning grounds out.
The ogre closely misses you. The ogre barely misses you.
Casting: Static Discharge (safe; 11% risk of failure)
Confirm with . or Enter, or press ? or * to list all spells.
The ogre is struck by an arc of lightning!
The ogre is severely wounded.
You are struck by an arc of lightning.
The lightning grounds out.
The ogre hits you with a +0 giant club!
* * * LOW HITPOINT WARNING * * *
The ogre hits you with a +0 giant club!
You die...

.#.<...#.......#...............
.#.....#.......#...............
.#.....#.......#...............
.#.....#.......#.........######
.###############.........#
.........................#
.........................#
.........................#
................@.....†..#
###..............O.......#
§≈##########+###.........# .≈#
...........#.........# .≈#
.....$.....#.........# #§+
...........#.........# §§#
........^..#.........+ .≈#
#'###.........######## ≈≈#
#######...########.........#


You could see an ogre.

Vanquished Creatures
  An iguana (D:4)
  A worker ant (D:4)
  5 adders
  An ooze (D:3)
  A worm (D:2)
  A leopard gecko (D:2)
  8 orcs
  3 giant cockroaches
  4 goblins
  5 hobgoblins
  3 jackals (D:1)
  4 bats
  4 frilled lizards
  5 kobolds
  A quokka skeleton (D:4)
  3 rats
50 creatures vanquished.

Notes
Turn   | Place    | Note
-------+----------+-------------------------------------------
     0 | D:1      | MachJacob the Barachi Air Elementalist began the quest for
                  | the Orb.
     0 | D:1      | Reached XP level 1. HP: 13/13 MP: 3/3
     2 | D:1      | Noticed a felid
     2 | D:1      | Noticed a gargoyle
     4 | D:1      | Noticed a vampire
     6 | D:1      | Noticed a formicid
     9 | D:1      | Noticed a demigod
    12 | D:1      | Noticed a draconian
    12 | D:1      | Noticed a halfling
    14 | D:1      | Noticed a troll
    14 | D:1      | Noticed a centaur
    16 | D:1      | Noticed an ogre
    16 | D:1      | Noticed a spriggan
    18 | D:1      | Noticed a ghoul
    18 | D:1      | Noticed a human
    20 | D:1      | Noticed a demonspawn
    20 | D:1      | Noticed an elf
    22 | D:1      | Noticed a naga
    24 | D:1      | Noticed a minotaur
    24 | D:1      | Noticed a dwarf
    26 | D:1      | Noticed a vine stalker
    26 | D:1      | Noticed a tengu
    28 | D:1      | Noticed an octopode
    28 | D:1      | Noticed a merfolk
   438 | D:1      | Reached XP level 2. HP: 19/19 MP: 0/5
   539 | D:1      | Learned a level 2 spell: Swiftness
  1118 | D:2      | Reached XP level 3. HP: 24/24 MP: 1/6
  1168 | D:2      | Learned a level 3 spell: Static Discharge
  1805 | D:2      | Reached skill level 4 in Air Magic
  2037 | D:2      | Reached XP level 4. HP: 15/30 MP: 0/8
  2902 | D:2      | Found a shimmering altar of Xom.
  3414 | D:3      | Found a shadowy altar of Dithmenos.
  3816 | D:4      | Reached XP level 5. HP: 11/35 MP: 0/9
  4048 | D:4      | Noticed Natasha
  4072 | D:4      | Noticed an ogre
  4353 | D:4      | Slain by an ogre

Levels and vault maps discovered:
D:1:      kb_arrival_jail, layout_loops_ring, chequers_serial_rivers_micro_a
D:2:      layout_basic, serial_glass, glass_columns_c, glass_columns_a,
          glass_columns_a, glass_columns_a, glass_columns_a,
          minmay_strange_pillars, tgw_xom
D:3:      layout_basic, overflow_temple_1_default
D:4:      layout_gridville, kennysheep_generic_room_10, uniq_natasha, uniq_robin

Skill      XL: |  1  2  3  4 |
---------------+-------------+-----
Conjurations   | 2 3 |  3.2
Air Magic      | 4 |  4.5
Dodging        | 3 |  3.1
Spellcasting   | 3 |  3.0
Stealth        | |  1.7

Action                   |  1- 3 |  4- 6 || total
-------------------------+-------+-------++-------
Melee: Unarmed           |    10 |       ||    10
       Dagger            |    23 |    14 ||    37
 Cast: Shock             |    77 |    60 ||   137
       Static Discharge  |       |     3 ||     3
       Swiftness         |       |     2 ||     2
 Abil: Hop               |     3 |     3 ||     6
  Use: Scroll            |     3 |     5 ||     8
  Eat: Chunk             |     5 |     7 ||    12
Armor: Robe              |    14 |    22 ||    36
Dodge: Dodged            |    30 |    42 ||    72

Table legend:
 A = Non-vault XP
 B = Vault XP
 C = Vault XP percentage of total XP
 D = Non-vault monster count
 E = Vault monster count
 F = Vault count percentage of total count
                 A         B        C        D         E       F
            +---------+---------+-------+---------+---------+-------
      Total |     217 |      12 |   5.2 |      46 |       4 |   8.0
            +---------+---------+-------+---------+---------+-------
        D:1 |      20 |       0 |   0.0 |      12 |       0 |   0.0
        D:2 |      78 |      12 |  13.3 |      17 |       4 |  19.0
        D:3 |      44 |       0 |   0.0 |      13 |       0 |   0.0
        D:4 |      75 |       0 |   0.0 |       4 |       0 |   0.0
            +---------+---------+-------+---------+---------+-------
